 Dungeon Crawl Stone Soup version 0.28.0-43-g3370ac3207 (webtiles) character file.

Game seed: 2185086764092159845

1691 sking99 the Poker (level 9, 0/61 HPs)
             Began as an Octopode Warper on Mar 15, 2022.
             Was an Initiate of Ashenzari.
             Succumbed to a scorpion's poison
             ... on level 6 of the Dungeon.
             The game lasted 00:20:04 (6194 turns).

sking99 the Poker (Octopode Warper)                 Turns: 6194, Time: 00:20:05

Health: 0/61       AC:  1    Str: 19    XL:     9   Next: 2%
Magic:  13/13      EV: 13    Int: 17    God:    Ashenzari [......]
Gold:   352        SH:  0    Dex: 11    Spells: 4/14 levels left

rFire   . . .      SeeInvis +   a - +0 spear
rCold   . . .      Faith    .   (no shield)
rNeg    . . .      Spirit   .   (helmet restricted)
rPois   .          Reflect  .   l - amulet of regeneration
rElec   .          Harm     .   e - ring "Gaze Upon Infinity" {Str+6, Alch, Fort} (curse)
rCorr   .          Rampage  .   o - ring of see invisible
Will    .....                   (no ring)
Stlth   ++........              (no ring)
HPRegen 1.00/turn               (no ring)
MPRegen 0.13/turn               (no ring)
                                (no ring)
                                (no ring)

@: lethally poisoned (0 -> -4)
A: almost no armour, amphibious, 8 rings, camouflage 1, gelatinous body 1,
(nimble swimmer 1), tentacles
a: Renounce Religion, Curse Item, Shatter the Chains


You were on level 6 of the Dungeon.
You worshipped Ashenzari.
Ashenzari was noncommittal.
You visited 2 branches of the dungeon, and saw 7 of its levels.

You collected 352 gold pieces.

Inventory:

Hand Weapons
 a - a +0 spear (weapon)
Missiles
 c - 5 boomerangs of dispersal
 k - 11 boomerangs (quivered)
Jewellery
 d - an amulet of guardian spirit
 e - the cursed ring "Gaze Upon Infinity" (left tentacle) {Str+6, Alch, Fort}
   (You found it on level 1 of the Dungeon)

   [ring of strength]

   Str:       It affects your strength (+6).
   It has a curse which improves the following skills: Alchemy: Poison Magic and
   Transmutations.
   Fortitude: Shields.
 l - an amulet of regeneration (around mantle)
 o - a ring of see invisible (right tentacle)
 q - an amulet of magic regeneration
Scrolls
 b - a scroll of blinking
 g - a scroll of teleportation
 h - a scroll of fog {unknown}
 j - a scroll of brand weapon {unknown}
 m - 4 scrolls of magic mapping
 n - a scroll of immolation {unknown}
 p - 2 scrolls of identify
 t - a scroll of enchant weapon {unknown}
Potions
 f - 2 potions of cancellation
 i - a potion of lignification
 r - a potion of heal wounds {unknown}


   Skills:
 + Level 5.0 Fighting
 * Level 7.1 Polearms
 + Level 4.0 Throwing
 - Level 2.3 Dodging
 - Level 3.0 Spellcasting
 + Level 3.9 Hexes
 - Level 5.0 Translocations


You had 4 spell levels left.
You knew the following spells:

 Your Spells              Type           Power      Damage    Failure   Level
a - Blink                 Tloc           38%        N/A       3%          2
b - Portal Projectile     Hex/Tloc       34%        N/A       9%          3
c - Manifold Assault      Tloc           19%        N/A       52%         5

Your spell library contained the following spells:

 Spells                   Type           Power      Damage    Failure   Level
 Gell's Gravitas          Tloc           19%        N/A       7%          3
 Lesser Beckoning         Tloc           19%        N/A       7%          3
 Teleport Other           Tloc           19%        N/A       7%          3
 Sublimation of Blood     Necr           2%         N/A       26%         2
 Call Canine Familiar     Summ           2%         N/A       45%         3
 Stone Arrow              Conj/Erth      4%         3d7       45%         3
 Leda's Liquefaction      Hex/Erth       4%         N/A       61%         4
 Petrify                  Tmut/Erth      2%         N/A       86%         4
 Irradiate                Conj/Tmut      1%         3d13      99%         5
 Lehudib's Crystal Spear  Conj/Erth      1%         10d2      100%        8
 Animate Armour           Summ/Erth      Unusable   N/A       N/A         4

Dungeon Overview and Level Annotations

Branches:
Dungeon (6/15)             Temple (1/1) D:4

Altars:
Ashenzari
Cheibriados
Elyvilon
Fedhas
Gozag
Hepliaklqana
Kikubaaqudgha
Makhleb
Nemelex Xobeh
Qazlal
Ru
Sif Muna
Uskayaw
Vehumet
Wu Jian
Xom
Zin

Shops:
D:1 *   D:2 (


Innate Abilities, Weirdness & Mutations

You cannot wear most types of armour.
You are amphibious.
You can wear up to eight rings at the same time.
Your skin changes colour to match your surroundings (Stealth+).
Your rubbery body absorbs attacks. (AC +1, EV +1)
((You are camouflaged when in or above water. (Stealth+)))
You have tentacles for arms and can constrict up to eight enemies at once.


Message History

The howler monkey hoots and howls with incredible vigour!
The white imp grins evilly.
The howler monkey hits you but does no damage.
The scorpion stings you.
* * * LOW HITPOINT WARNING * * *
You feel stable enough to blink again. The howler monkey closely misses you.
The orc misses you.
You feel less invigorated.
You feel less confused. The orc barely misses you. The howler monkey hits you!
* * * LOW HITPOINT WARNING * * *
The scorpion closely misses you. The orc barely misses you.
A hound comes into view.
The orc hits you with a +0 flail.
* * * LOW HITPOINT WARNING * * *
There is an escape hatch in the floor here.
The howler monkey hoots and howls with incredible vigour!
An adder comes into view.
You closely miss the adder. Your grab misses the adder. The adder bites you.
You are poisoned.
The adder poisons you!
You closely miss the adder. Your grab misses the adder.
You feel sick. The adder misses you. The orc hits you with a +0 flail!
* * * LOW HITPOINT WARNING * * *
You barely miss the adder. You grab the adder. You constrict the adder.
You feel sick. The adder closely misses you. The orc closely misses you.
The adder barely misses you.
You completely miss the adder. You squeeze the adder.
The adder is heavily wounded.
You constrict the adder. The scorpion stings you!
* * * LOW HITPOINT WARNING * * *
The orc misses you. The adder closely misses you.
You hit the adder.
You kill the adder!
You feel sick. The scorpion stings you.
* * * LOW HITPOINT WARNING * * *
You are lethally poisoned!
The scorpion poisons you!
You die...

.#..#..†........
.#.......##....?
.#......## ....
.........# ###
#h.......# .........#
#.......## ##.##
#.##.h5###########......
#.###.###.......@.....#
#.# #.###.####..#######
#.# #..h5>..##os## ..#
#####.#..h5..# #.##
#.####..## ...#
#......## #..# ########
#.<# ...####


You could see a scorpion, a howler monkey, a white imp and an orc.

Vanquished Creatures
  A steam dragon (D:6)
  2 necrophages
  A sky beast (D:5)
  2 ice beasts
  3 ogres
  A black bear (D:5)
  A phantom (D:6)
  3 scorpions
  A crimson imp (D:4)
  A bullfrog zombie (D:5)
  4 hounds
  Jessica (D:2)
  2 orc wizards
  Natasha (thrice) (D:2)
  A hound zombie (D:5)
  3 adders
  3 gnolls
  A shadow imp (D:5)
  2 white imps
  A worm (D:3)
  2 dart slugs
  2 orcs (D:4)
  8 endoplasms
  4 giant cockroaches
  8 goblins
  8 hobgoblins
  2 jackals (D:3)
  2 kobolds
  3 quokkas
  11 ball pythons
  6 bats
  4 frilled lizards
  6 rats
103 creatures vanquished.

Notes
Turn   | Place    | Note
-------+----------+-------------------------------------------
     0 | D:1      | sking99 the Octopode Warper began the quest for the Orb.
     0 | D:1      | Reached XP level 1. HP: 14/14 MP: 3/3
   256 | D:1      | Reached XP level 2. HP: 19/19 MP: 5/5
   274 | D:1      | Found Ollovuck's General Store.
   616 | D:1      | Reached XP level 3. HP: 7/24 MP: 2/6
  1144 | D:2      | Learned a level 2 spell: Blink
  1243 | D:2      | Found Derentay's Weapon Boutique.
  1256 | D:2      | Noticed Jessica
  1264 | D:2      | Killed Jessica
  1265 | D:2      | Reached skill level 3 in Polearms
  1265 | D:2      | Reached XP level 4. HP: 20/30 MP: 3/7
  1476 | D:2      | Found a faded altar of an unknown god.
  1609 | D:2      | Noticed Natasha
  1613 | D:2      | Killed Natasha
  2054 | D:2      | Noticed Natasha
  2061 | D:2      | Killed Natasha
  2062 | D:2      | Reached XP level 5. HP: 12/36 MP: 2/8
  2297 | D:2      | Found Derentay's Weapon Boutique.
  2499 | D:2      | Found a faded altar of an unknown god.
  2795 | D:2      | Noticed Natasha
  2802 | D:2      | Killed Natasha
  3096 | D:3      | Reached skill level 4 in Polearms
  3180 | D:3      | Learned a level 3 spell: Portal Projectile
  3181 | D:3      | Found a shimmering blue altar of Sif Muna.
  3543 | D:4      | Noticed a necrophage
  3593 | D:4      | Noticed a necrophage
  3615 | D:4      | Found a staircase to the Ecumenical Temple.
  3714 | D:4      | Reached XP level 6. HP: 27/42 MP: 9/9
  3773 | Temple   | Entered the Ecumenical Temple
  3886 | Temple   | Became a worshipper of Ashenzari the Shackled
  3938 | Temple   | Killed a necrophage
  3939 | Temple   | Reached skill level 1 in Hexes
  4025 | D:4      | Killed a necrophage
  4026 | D:4      | Reached skill level 5 in Polearms
  4026 | D:4      | Reached XP level 7. HP: 32/46 MP: 10/10
  4679 | D:5      | Entered Level 5 of the Dungeon
  4839 | D:5      | HP: 1/48 [something (6)]
  4995 | D:5      | Found an opulent altar of Gozag.
  5167 | D:5      | Reached XP level 8. HP: 14/54 MP: 11/11
  5401 | D:5      | Reached skill level 6 in Polearms
  5401 | D:5      | Reached skill level 5 in Translocations
  5571 | D:5      | Learned a level 5 spell: Manifold Assault
  6163 | D:6      | Reached skill level 5 in Fighting
  6163 | D:6      | Reached skill level 7 in Polearms
  6163 | D:6      | Reached XP level 9. HP: 11/61 MP: 13/13
  6193 | D:6      | HP: 2/61 [scorpion (2)]
  6194 | D:6      | Succumbed to a scorpion's poison

Illustrated notes

Levels and vault maps discovered:
D:1:      dpeg_arrival_triangle_fractal, layout_loops_ring, serial_shops, shop,
          minmay_misc_feat_cross, minmay_tromino_v4_b
D:2:      layout_basic, serial_shops, shop, hellmonk_ecumenical_altar_lost_god,
          uniq_jessica, uniq_natasha
D:3:      layout_rooms, nicolae_overflow_crystal_walls, minmay_diced_spiral
D:4:      layout_rooms, minmay_temple_entry_poolview, serial_rivers,
          chequers_serial_rivers_large_a, chequers_serial_rivers_micro_d,
          chequers_serial_rivers_large_b, chequers_serial_rivers_room_a,
          chequers_serial_rivers_marsh, hangedman_feature_mirror,
          minmay_fire_ice_demons
D:5:      layout_gridville, nicolae_gozag_cash_rules_everything_around_me
D:6:      layout_loops_cross, chequers_serial_rivers_room_a,
          minmay_ruined_shrine, uniq_crazy_yiuf_cottage
Temple:   regret_index_temple_waves

Skill      XL: |  1  2  3  4  5  6  7  8 |
---------------+-------------------------+-----
Polearms       | 3 4 5 7 |  7.1
Fighting       | 3 4 5 |  5.0
Translocations | 4 5 |  5.0
Hexes          | 1 2 3 |  3.9
Throwing       | 2 3 4 |  4.0
Spellcasting   | 3 |  3.0
Dodging        | |  2.3

Action                   |  1- 3 |  4- 6 |  7- 9 || total
-------------------------+-------+-------+-------++-------
Melee: Spear             |    79 |   109 |   192 ||   380
       Constrict         |    14 |    22 |    15 ||    51
       Tentacles         |     9 |    16 |    32 ||    57
       Punch             |       |       |     2 ||     2
Throw: Boomerang         |       |    17 |    45 ||    62
 Cast: Blink             |       |       |     9 ||     9
Invok: Curse Item        |       |       |     1 ||     1
  Use: Scroll            |       |     6 |       ||     6
       Potion            |       |     1 |     3 ||     4
 Stab: Sleeping          |    10 |     6 |     2 ||    18
       Distracted        |       |       |     1 ||     1
Armor: Skin              |     4 |    29 |     7 ||    40
Dodge: Dodged            |    31 |    47 |    79 ||   157
